 Dungeon Crawl Stone Soup version 0.30-b1-2-g02819fbbbe (webtiles) character file.

Game seed: 13214877094446128992

411 sanka the Ducker (level 6, -5/49 (52) HPs)
             Began as a Merfolk Monk on May 13, 2023.
             Was a Priest of Ru.
             Slain by Edmund
             ... wielding a +0 dire flail of draining
              (6 damage)
             ... on level 5 of the Dungeon.
             The game lasted 00:05:11 (3800 turns).

sanka the Ducker (Merfolk Monk)                     Turns: 3800, Time: 00:05:11

HP:   -5/49 (52)    AC:  4    Str: 13    XL:     6   Next: 90%
MP:   6/6           EV: 13    Int:  9    God:    Ru [***...]
Gold: 309           SH:  0    Dex: 19    Spells: 5/5 levels left

rFire   . . .        h - +9 war axe of Unreason {drain, Str+2}
rCold   . . .        (shield unavailable)
rNeg    . . .        a - +0 robe
rPois   .            (no helmet)
rElec   .            j - +1 cloak
rCorr   .            (no gloves)
SInv    .            (no boots)
Will    .....        (no amulet)
Stlth   ++           (ring unavailable)
HPRegen 0.28/turn    (no ring)
MPRegen 0.10/turn

%: no passive effects
@: grasped by roots, constricted, drained
A: missing a hand, (nimble swimmer 2), mertail
a: Renounce Religion, Draw Out Power


You were on level 5 of the Dungeon.
You worshipped Ru.
Ru was most pleased with you.
You visited 2 branches of the dungeon, and saw 6 of its levels.

You collected 309 gold pieces.

Inventory:

Hand Weapons
 h - the +9 war axe of Unreason (weapon) {drain, Str+2}
   (You found it on level 2 of the Dungeon)

   Str:       It affects your strength (+2).
Missiles
 u - a throwing net {=f}
Armour
 a - a +0 robe (worn)
 c - an orb of light
 j - a +1 cloak (worn)
Wands
 l - a wand of mindburst (15)
 r - a wand of roots (5)
Scrolls
 d - a scroll of magic mapping {unknown}
 e - 5 scrolls of identify {unknown}
 i - a scroll of poison {unknown}
 m - a scroll of immolation {unknown}
 n - 2 scrolls of enchant weapon {unknown}
 o - 3 scrolls of teleportation {unknown}
 s - a scroll of vulnerability {unknown}
Potions
 b - 2 potions of ambrosia
 f - 4 potions of curing {unknown}
 g - a potion of might {unknown}
 k - a potion of brilliance {unknown}
 p - a potion of heal wounds {unknown}
 q - a potion of mutation {unknown}
 t - a potion of flight {unknown}


   Skills:
 + Level 6.2 Fighting
 + Level 7.0 Dodging
 - Level 3.9 Unarmed Combat
 - Level 0.1 Spellcasting


You had 5 spell levels left.
You didn't know any spells.
Your spell library contained the following spells:

 Spells                   Type           Power      Damage    Failure   Level
 Dazzling Flash           Conj/Hex       0%         N/A       77%         3
 Ignite Poison            Fire/Tmut/Pois 0%         N/A       77%         3
 Portal Projectile        Hex/Tloc       0%         N/A       77%         3
 Tukima's Dance           Hex            0%         N/A       77%         3
 Sticky Flame             Conj/Fire      0%         2d3       99%         4
 Agony                    Necr           0%         N/A       100%        5
 Blade Hands              Tmut           0%         N/A       100%        5
 Silence                  Hex/Air        0%         N/A       100%        5
 Ignition                 Fire           0%         3d3       100%        8


Dungeon Overview and Level Annotations

Branches:
Dungeon (5/15)             Temple (1/1) D:4

Altars:
Ashenzari
Cheibriados
Dithmenos
Elyvilon
Fedhas
Gozag
Hepliaklqana
Kikubaaqudgha
Nemelex Xobeh
Okawaru
Qazlal
Ru
Sif Muna
Vehumet
Xom
Yredelemnul
Zin
The Shining One

Annotations:
D:4 3 runed translucent doors, ioannis32's ghost, amateur DsBe
D:5 Edmund


Innate Abilities, Weirdness & Mutations

You are missing a hand.
((You are very nimble when in or above water. (Stealth+, EV+, Speed+++)))
Your lower body shifts to a powerful aquatic tail in water.


Message History

Ijyb is nearby!
Edmund the Younger comes into view.
He is wielding a +0 dire flail of draining and carrying a wand of roots (9).
You hit Ijyb but do no damage. You drain Ijyb.
Ijyb is lightly wounded.
Edmund zaps a wand.
The roots erupt in riotous growth!
The grasping roots grab you!
Ijyb is unaffected.
The grasping roots constrict you.
Ijyb zaps a wand.
The puff of flame hits you! Ijyb hits you with a +0 club.
The grasping roots constrict you.
You hit Ijyb but do no damage. You drain Ijyb.
Ijyb is lightly wounded.
The grasping roots constrict you. Ijyb closely misses you.
The grasping roots release their grip on you.
Unknown command.
You closely miss Ijyb.
Ijyb is lightly wounded.
Ijyb is stunned by your conviction and fails to attack.
Edmund hits you with a +0 dire flail of draining.
You feel drained.
You redirect Ijyb's attack!
Ijyb closely misses Edmund.
You slash Ijyb! You drain Ijyb.
Ijyb is severely wounded.
You closely miss Edmund.
Edmund zaps a wand.
The roots erupt in riotous growth!
The grasping roots grab you!
Ijyb is unaffected.
Edmund is unaffected.
The grasping roots constrict you. Ijyb misses you.
Unknown command.
You slash Ijyb!
You kill Ijyb!
You closely miss Edmund.
Edmund hits you with a +0 dire flail of draining!
* * * LOW HITPOINT WARNING * * *
You feel drained.
* * * LOW HITPOINT WARNING * * *
The grasping roots constrict you!
* * * LOW HITPOINT WARNING * * *
Edmund gestures with his flail.
Edmund hits you with a +0 dire flail of draining.
You die...

##... .? #....
... ....#
####..#
#...##.......
............
#.#........#
##.#.....##
####....@)...#
##.......#@#.##
#.......##..#
##)...#.......
#..###.##.....
#...##..#..#....
##......#.###...
#.......#.#...##
###...........


You could see Edmund.

Vanquished Creatures
  An ogre (D:4)
  A scorpion (D:4)
  Jessica (D:3)
  Ijyb (D:5)
  2 iguanas (D:4)
  An orc wizard (D:4)
  3 gnolls (D:4)
  4 adders
  A white imp (D:4)
  2 worms
  A dart slug (D:3)
  15 orcs
  5 endoplasms
  3 giant cockroaches
  6 goblins
  4 hobgoblins
  4 jackals (D:3)
  A quokka (D:1)
  6 ball pythons
  3 bats (D:1)
  6 frilled lizards
  3 kobolds (D:1)
  6 rats
80 creatures vanquished.

Notes
Turn   | Place    | Note
-------+----------+-------------------------------------------
     0 | D:1      | sanka the Merfolk Monk began the quest for the Orb.
     0 | D:1      | Reached XP level 1. HP: 18/18 MP: 1/1
   230 | D:1      | Reached XP level 2. HP: 9/24 MP: 2/2
   796 | D:1      | Reached XP level 3. HP: 29/30 MP: 3/3
  1074 | D:2      | Identified the +9 war axe of Unreason {drain, Str+2}
  2032 | D:3      | Reached XP level 4. HP: 37/38 MP: 4/4
  2264 | D:3      | Noticed Jessica
  2271 | D:3      | Killed Jessica
  2272 | D:3      | Reached skill level 5 in Dodging
  2523 | D:3      | Reached XP level 5. HP: 42/43 MP: 5/5
  2613 | D:4      | Reached skill level 5 in Fighting
  2723 | D:4      | Found a staircase to the Ecumenical Temple.
  2919 | D:4      | Noticed an orc warrior
  2922 | D:4      | Found a runed translucent gate.
  2922 | D:4      | Found a runed translucent gate.
  2960 | D:4      | Reached skill level 6 in Dodging
  2960 | D:4      | Reached XP level 6. HP: 51/51 MP: 6/6
  2976 | D:4      | Found a runed translucent gate.
  2980 | D:4      | Noticed ioannis32's ghost (amateur DsBe)
  3567 | D:4      | Reached skill level 7 in Dodging
  3594 | Temple   | Entered the Ecumenical Temple
  3711 | Temple   | Became a worshipper of Ru the Awakened
  3722 | D:4      | Gained mutation: You are missing a hand. [Ru sacrifice]
  3722 | D:4      | Reached * piety under Ru
  3722 | D:4      | Reached ** piety under Ru
  3722 | D:4      | Reached *** piety under Ru
  3740 | D:5      | Entered Level 5 of the Dungeon
  3787 | D:5      | Noticed Ijyb
  3795 | D:5      | Noticed Edmund
  3800 | D:5      | Killed Ijyb
  3800 | D:5      | HP: 1/49 [constriction (7)]
  3800 | D:5      | Slain by Edmund

Illustrated notes

Levels and vault maps discovered:
D:1:      ebering_trefoil_3fold, layout_loops_ring, serial_forest,
          infiniplex_forest_corner_1, infiniplex_forest_lined_2,
          infiniplex_forest_lined_corner, infiniplex_forest_3_way,
          infiniplex_forest_straight_1, minmay_hexomino_p4
D:2:      layout_basic
D:3:      layout_loops_ring, uniq_jessica
D:4:      layout_basic, minmay_temple_entry_trees, gammafunk_ghost_split,
          kennysheep_cross_bottleneck, supply_closet_lemuel
D:5:      layout_cave_pools, mainiacjoe_overflow_catch_the_wave, uniq_pikel,
          uniq_ijyb, uniq_edmund
Temple:   nicolae_temple_two_arcs

Skill      XL: |  1  2  3  4  5  6 |
---------------+-------------------+-----
Fighting       | 4 5 6 |  6.2
Dodging        | 5 6 7 |  7.0
Unarmed Combat | |  3.9
Spellcasting   | |  0.1

Action                     |  1- 3 |  4- 6 || total
---------------------------+-------+-------++-------
  Melee: Unarmed           |    68 |       ||    68
         War axe           |    18 |    81 ||    99
 Invoke: Sacrifice a Hand  |       |     1 ||     1
 Armour: Robe              |    14 |     8 ||    22
  Dodge: Dodged            |    44 |    57 ||   101
